 Dungeon Crawl Stone Soup version 0.31-a0-188-g5e087ee2ca (webtiles) character file.

Game seed: 9924149687353946733

29 qw the Shooter (level 3, 0/20 HPs)
             Began as a Deep Elf Hunter on June 23, 2023.
             Succumbed to their own poison gas
             ... on level 1 of the Dungeon.
             The game lasted 00:00:17 (548 turns).

qw the Shooter (Deep Elf Hunter)                     Turns: 548, Time: 00:00:17

Health: 0/20       AC:  3    Str:  9    XL:     3   Next: 1%
Magic:  5/5        EV: 12    Int: 12    God:
Gold:   82         SH:  0    Dex: 22    Spells: 2/2 levels left

rFire   . . .        Y - +0 shortbow
rCold   . . .        (shield currently unavailable)
rNeg    . . .        c - +0 leather armour
rPois   .            (no helmet)
rElec   +            (no cloak)
rCorr   .            (no gloves)
SInv    .            (no boots)
Will    .....        (no amulet)
Stlth   ++           (no ring)
HPRegen 0.23/turn    (no ring)
MPRegen 0.09/turn

%: no passive effects
@: lethally poisoned (0 -> -3)
A: agile 1, electricity resistance
a: no special abilities


You were on level 1 of the Dungeon.
You visited 1 branch of the dungeon, and saw 1 of its levels.

You collected 82 gold pieces.


Innate Abilities, Weirdness & Mutations

You are agile. (Dex +4, Str/Int -1)
You are resistant to electric shocks. (rElec)


   Skills:
 - Level 1.5 Fighting
 + Level 6.6 Ranged Weapons
 - Level 2.4 Dodging
 - Level 1.2 Stealth


You had 2 spell levels left.
You didn't know any spells.
Your spell library was empty.

Inventory:

Hand Weapons
 Y - a +0 shortbow (weapon)
Armour
 c - a +0 leather armour (worn)
Potions
 d - 2 potions of mutation
 g - a potion of lignification {unknown}
 h - a potion of magic {unknown}

Dungeon Overview and Level Annotations

Branches:
Dungeon (1/15)

Altars:


Message History

Where to? (* - list waypoints, ? - help)
What level of the Dungeon? (default 1, ? - help) Sorry, I don't know how to get there.
Enter note:
Enter note:
Enter note:
Enter note:
Enter note:
Enter note:
Enter note:
Enter note:
Enter note: Really walk into that cloud of poison gas?
You are engulfed in poison gas.
You are lethally poisoned!
You feel very sick.
Your bat hits the plant.
The plant begins to die.
Your bat hits the plant.
Your giant cockroach bites the plant.
Your hobgoblin hits the plant.
The plant begins to die.
Your bat hits the plant.
541 ||| Stepping ~*~*~tactically~*~*~ (cloud).
You feel very sick.
A nearby plant withers and dies.
Your giant cockroach bites the plant. x2
You see here a scroll of butterflies.
There is a lethal amount of poison in your body!
You feel very sick.
A nearby plant withers and dies.
Your hobgoblin hits the plant.
There is a lethal amount of poison in your body!
You feel very sick.
A nearby plant withers and dies.
Your hobgoblin hits the plant.
There is a lethal amount of poison in your body!
You feel sick.
A nearby plant withers and dies. x2
There is a lethal amount of poison in your body!
You feel sick.
There is a lethal amount of poison in your body!
You feel sick.
There is a lethal amount of poison in your body!
You feel sick.
Your hobgoblin says, "Don't worry.
I'm here with you."
There is a lethal amount of poison in your body!
You die... #.P.PP.PP.PP.PP.P.#

#.....
#.P¤P0PP0P¤PP0P0P.###.....
#..¤P0P0PPP¤P¤P0P.........
##P¤P¤PP.P0PP0P.P###.#####
#P0PP¤PP0PP0PP0P###.###..
#PP0PP¤PPP¤PP0PP#....##.#
#PP¤PPP0..PPP0PP#.#.....#
#PPP00PbgB.00PPP#.####..#
#PPPPP0¤@¤.PPPPP#.#......


#PPPPPPPP.PPPPPP#.#.#..#. #PPPPPPPPPPPPPPP#.#.#.##. #################.#.#.##.
#....#.#.### #.#....#.... #.#.#######. #...# ###. ##### #... You could see a
friendly giant cockroach (summoned), a friendly hobgoblin (summoned) and a
friendly bat (summoned).

Vanquished Creatures
  A dart slug (D:1)
  4 ball pythons (D:1)
  2 endoplasms (D:1)
  A giant cockroach (D:1)
  A goblin (D:1)
  4 hobgoblins (D:1)
  2 jackals (D:1)
  A kobold (D:1)
  2 quokkas (D:1)
  A bat (D:1)
  2 frilled lizards (D:1)
  3 rats (D:1)
24 creatures vanquished.

Notes
Turn   | Place    | Note
-------+----------+-------------------------------------------
     0 | D:1      | qw the Deep Elf Hunter began the quest for the Orb.
     0 | D:1      | Reached XP level 1. HP: 12/12 MP: 3/3
     0 | D:1      | 0 ||| qw: Version: 0.3-a-9-g12657ce
     0 | D:1      | 0 ||| qw: Game counter: 3739
     0 | D:1      | 0 ||| qw: Always use a shield: true
     0 | D:1      | 0 ||| qw: God list: Okawaru
     0 | D:1      | 0 ||| qw: Allow faded altars: false
     0 | D:1      | 0 ||| qw: Do Orc after D:15 true
     0 | D:1      | 0 ||| qw: Do second Lair branch before Depths: true
     0 | D:1      | 0 ||| qw: Lair rune preference: random
     0 | D:1      | 0 ||| qw: Plans: Normal
     0 | D:1      | 0 ||| PLANNING D:1-11
    72 | D:1      | Reached skill level 6 in Ranged Weapons
    72 | D:1      | Reached XP level 2. HP: 16/16 MP: 4/4
   447 | D:1      | Reached XP level 3. HP: 20/20 MP: 5/5
   536 | D:1      | 536 ||| READING scroll labelled XEZXOL CURCH.
   537 | D:1      | 537 ||| READING scroll labelled RIDGHA IHADOXKU.
   538 | D:1      | 538 ||| DRINKING 3 yellow potions.
   538 | D:1      | Gained mutation: You are resistant to electric shocks.
                  | (rElec) [potion of mutation]
   538 | D:1      | Gained mutation: You are agile. (Dex +4, Str/Int -1)
                  | [potion of mutation]
   539 | D:1      | 539 ||| DROPPING scroll of butterflies.
   541 | D:1      | 541 ||| Stepping ~*~*~tactically~*~*~ (cloud).
   543 | D:1      | HP: 5/20 [poisoned by you (poison gas)]
   546 | D:1      | HP: 2/20 [poisoned by you (poison gas)]
   548 | D:1      | Succumbed to their own poison gas

Levels and vault maps discovered:
D:1:      roderic_crop_circles_arrival_small, layout_basic

Skill      XL: |  1 |
---------------+----+-----
Ranged Weapons | 6 |  6.6
Fighting       | |  1.5
Dodging        | |  2.4
Stealth        | |  1.2

Action                     || total
---------------------------++-------
   Fire: Shortbow          ||    58
    Use: Scroll            ||     2
         Potion            ||     1
 Armour: Leather armour    ||     3
  Dodge: Dodged            ||     5

Table legend:
 A = Non-vault XP
 B = Vault XP
 C = Vault XP percentage of total XP
 D = Non-vault monster count
 E = Vault monster count
 F = Vault count percentage of total count
                 A         B        C        D         E       F
            +---------+---------+-------+---------+---------+-------
      Total |      42 |       0 |   0.0 |      24 |       0 |   0.0
            +---------+---------+-------+---------+---------+-------
        D:1 |      42 |       0 |   0.0 |      24 |       0 |   0.0
            +---------+---------+-------+---------+---------+-------
